 Dungeon Crawl Stone Soup version 0.31.0-11-ge490571c62 (webtiles) character file.

Game seed: 5814213609402001264

2 qw the Shooter (level 1, 0/12 HPs)
             Began as a Deep Elf Hunter on Feb 4, 2024.
             Slain by a goblin
             ... wielding a +0 club
             ... led by Robin
              (3 damage)
             ... on level 1 of the Dungeon.
             The game lasted 00:00:01 (800 turns).

qw the Shooter (Deep Elf Hunter)                     Turns: 800, Time: 00:00:02

Health: 0/12       AC:  3    Str:  8    XL:     1   Next: 33%
Magic:  3/3        EV: 12    Int: 13    God:
Gold:   41         SH:  0    Dex: 18    Spells: 0/0 levels left

rFire   . . .        a - +1 shortbow (heavy)
rCold   . . .        (shield currently unavailable)
rNeg    . . .        c - +0 leather armour
rPois   .            (no helmet)
rElec   .            (no cloak)
rCorr   +            (no gloves)
SInv    .            (no boots)
Will    .....        (no amulet)
Stlth   ++           e - ring of resist corrosion
HPRegen 0.22/turn    (no ring)
MPRegen 0.08/turn

%: no passive effects
@: no status effects
A: no striking features
a: no special abilities


You were on level 1 of the Dungeon.
You visited 1 branch of the dungeon, and saw 2 of its levels.

You collected 41 gold pieces.


   Skills:
 - Level 1.5 Fighting
 + Level 5.5 Ranged Weapons
 - Level 2.4 Dodging
 - Level 1.2 Stealth


You couldn't memorise any spells.
You didn't know any spells.
Your spell library was empty.

Inventory:

Hand Weapons
 a - a +1 heavy shortbow (weapon)
Armour
 c - a +0 leather armour (worn)
Jewellery
 e - a ring of resist corrosion (left hand)
Scrolls
 j - a scroll of brand weapon
Potions
 d - a potion of enlightenment
 g - a potion of heal wounds {unknown}
 i - a potion of lignification {unknown}

Dungeon Overview and Level Annotations

Branches:
Dungeon (2/15)

Altars:

Annotations:
D:2 Robin


Message History

762 ||| DRINKING 2 smoky blue potions.
It was a potion of enlightenment.
You feel very buoyant.
You fly up into the air.
Done exploring.
763 ||| DROPPING scroll of butterflies.
You drop a scroll of butterflies.
Done exploring.
What level of the Dungeon? (default 1, ? - help)
You are starting to lose your buoyancy.
You float gracefully downwards.
Your enlightenment fades.
There is a stone staircase leading down here.
You climb downwards.
Robin shouts!
The goblin shouts! x2; You hear a shout!
The hobgoblin shouts!
You hear a shout! x4
There is a stone staircase leading up here.
There are monsters nearby!
Waypoint 1 assigned to D:2.
792 ||| STAIRDANCE Robin throws the goblin at you!
The goblin hits you but does no damage.
You climb upwards.
There is a stone staircase leading down here.
You start resting.
HP restored.
You climb downwards.
Level annotation: Robin Robin throws the goblin at you!
The goblin hits you but does no damage. x2
There is a stone staircase leading up here.
797 ||| STAIRDANCE Robin roars a battlecry!
The goblins go into a battle-frenzy!
The goblin hits you but does no damage. The goblin hits you with a +0 dagger.
You climb upwards.
There is a stone staircase leading down here.
You shoot an arrow. The arrow barely misses the goblin.
The goblin hits you with a +0 dagger. The goblin closely misses you.
The goblin barely misses you. The goblin hits you with a +0 dagger.
The goblin hits you with a +0 club. The goblin barely misses you.
You shoot an arrow. The arrow closely misses the goblin.
The goblin closely misses you. The goblin hits you with a +0 club.
You die...

....# #.........# #.# ....#
#.........# #.# .#..#
##........# #.# .#..#
#####.#############.#
....########.........#.....#
.#...........####.####.######
.################.# #......#
.#..............g.# ######.#
...............g@### #.#
.................g.# ### #.#
.#.#############.#+####.###.#
.#.# #......#.....# .#'######
#......#.#####
........########......#.#
........'........)...)..#
........########......###
......................#


You could see 3 goblins.

Vanquished Creatures
  2 goblins (D:1)
  A rat (D:1)
3 creatures vanquished.

Notes
Turn   | Place    | Note
-------+----------+-------------------------------------------
     0 | D:1      | qw the Deep Elf Hunter began the quest for the Orb.
     0 | D:1      | Reached XP level 1. HP: 12/12 MP: 3/3
     0 | D:1      | 0 ||| qw: Version: 0.3-a-160-g6735b56
     0 | D:1      | 0 ||| qw: Game counter: 4859
     0 | D:1      | 0 ||| qw: Melee chars always use a shield: true
     0 | D:1      | 0 ||| qw: God list: Okawaru
     0 | D:1      | 0 ||| qw: Allow faded altars: false
     0 | D:1      | 0 ||| qw: Do Orc after clearing Dungeon:15 true
     0 | D:1      | 0 ||| qw: Do second Lair branch before Depths: true
     0 | D:1      | 0 ||| qw: Lair rune preference: random
     0 | D:1      | 0 ||| qw: Goals: Normal
     0 | D:1      | 0 ||| PLANNING D:1-11
    80 | D:1      | 80 ||| DROPPING +3 sling.
   756 | D:1      | 756 ||| UPGRADING to ring of resist corrosion.
   757 | D:1      | 757 ||| READING scroll labelled WUFAIL KESAA.
   758 | D:1      | 758 ||| READING scroll labelled BUALLOYBIO.
   758 | D:1      | 758 ||| ENCHANTING +0 shortbow.
   759 | D:1      | 759 ||| READING 3 scrolls labelled IFUUME QUVVE.
   759 | D:1      | 759 ||| BRANDING +1 shortbow.
   760 | D:1      | 760 ||| READING 2 scrolls of brand weapon.
   760 | D:1      | 760 ||| BRANDING +1 shortbow of flaming.
   761 | D:1      | 761 ||| READING scroll labelled COLLOWNIOGO.
   762 | D:1      | 762 ||| DRINKING 2 smoky blue potions.
   763 | D:1      | 763 ||| DROPPING scroll of butterflies.
   791 | D:2      | Noticed Robin
   792 | D:2      | 792 ||| STAIRDANCE
   797 | D:2      | 797 ||| STAIRDANCE
   799 | D:1      | HP: 3/12 [goblin/+0 club[Robin] (2)]
   800 | D:1      | Slain by a goblin

Levels and vault maps discovered:
D:1:      lightli_arrival_noodles, layout_basic
D:2:      layout_basic, basic_altar, basic_ecumenical_altar, uniq_robin

Action                     || total
---------------------------++-------
   Fire: Shortbow          ||     9
    Use: Scroll            ||     5
         Potion            ||     1
 Armour: Leather armour    ||    12
  Dodge: Dodged            ||     6

Table legend:
 A = Non-vault XP
 B = Vault XP
 C = Vault XP percentage of total XP
 D = Non-vault monster count
 E = Vault monster count
 F = Vault count percentage of total count
                 A         B        C        D         E       F
            +---------+---------+-------+---------+---------+-------
      Total |       4 |       0 |   0.0 |       3 |       0 |   0.0
            +---------+---------+-------+---------+---------+-------
        D:1 |       4 |       0 |   0.0 |       3 |       0 |   0.0
            +---------+---------+-------+---------+---------+-------
